 Dungeon Crawl Stone Soup version 0.22.1-5-g62c59d9 (webtiles) character file.

81 Tr0llz0r the Sneak (level 4, 0/27 HPs)
             Began as an Octopode Ice Elementalist on Jan 7, 2019.
             Slain by an orc
             ... wielding a +0 dagger
              (1 damage)
             ... on level 4 of the Dungeon.
             The game lasted 00:09:52 (2640 turns).

Tr0llz0r the Sneak (Octopode Ice Elementalist)      Turns: 2640, Time: 00:09:52

Health: 0/27       AC:  5    Str:  8    XL:     4   Next: 40%
Magic:  7/7        EV:  8    Int: 17    God:
Gold:   103        SH: 11    Dex: 12    Spells: 6/7 levels left

rFire    . . .     SeeInvis .   a - +0 whip
rCold    . . .     Gourm    .   o - +2 large shield {AC+3}
rNeg     . . .     Faith    .   j - +1 hat
rPois    .         Spirit   .   (no amulet)
rElec    .         Reflect  .   (no ring)
rCorr    .         Harm     .   (no ring)
MR       .....                  (no ring)
Stlth    +++.......             (no ring)
HPRegen  0.09/turn              (no ring)
MPRegen  0.10/turn              (no ring)
                                (no ring)
                                (no ring)

@: no status effects
A: almost no armour, stealthy swim, amphibious, 8 rings, constrict 8, camouflage
1, gelatinous body 1
a: no special abilities


You were on level 4 of the Dungeon.
You were not hungry.

You visited 1 branch of the dungeon, and saw 4 of its levels.

You collected 103 gold pieces.

Inventory:

Hand Weapons
 a - a +0 whip (weapon)
 e - a +0 mace
 i - a +0 quarterstaff
 n - a +0 hand axe
 r - a +0 falchion
Missiles
 c - 73 arrows
 d - 52 bolts
 g - 38 stones (quivered)
Armour
 j - a +1 hat (worn)
 o - a +2 large shield of protection (worn)
Scrolls
 f - a scroll of amnesia
 l - 2 scrolls of identify
 p - a scroll of remove curse
 q - a scroll of immolation {unknown}
Potions
 h - a potion of flight
 k - a potion of curing
 m - a potion of ambrosia {unknown}
Comestibles
 b - 2 rations


   Skills:
 + Level 0.3 Fighting
 + Level 1.9 Maces & Flails
 + Level 2.3 Dodging
 + Level 3.8 Stealth
 + Level 2.2 Spellcasting
   Level 1.0 Conjurations
 + Level 3.5 Ice Magic


You had 6 spell levels left.
You knew the following spells:

 Your Spells              Type           Power        Failure   Level  Hunger
a - Freeze                Ice            ##..         75%         1    #......

Your spell library contained the following spells:

 Spells                   Type           Power        Failure   Level  Hunger
 Throw Frost              Conj/Ice       #.....       96%         2    ###....
 Ozocubu's Armour         Chrm/Ice       #.......     100%        3    ###....
 Summon Ice Beast         Ice/Summ       #.......     100%        4    #####..
 Throw Icicle             Conj/Ice       #.......     100%        4    #####..


Dungeon Overview and Level Annotations

Branches:
Dungeon (4/15)
 Temple: D:4-7

Altars:
Gozag
Vehumet


Innate Abilities, Weirdness & Mutations

You cannot wear most types of armour.
You are very stealthy in the water. (Stealth+)
You are amphibious.
You can wear up to eight rings at the same time.
You can use your tentacles to constrict eight enemies at once.
Your skin changes colour to match your surroundings (Stealth+).
Your rubbery body absorbs attacks. (AC +1, EV +1)


Message History

You hit the orc.
The orc is heavily wounded.
You constrict the orc. The adder bites you but does no damage.
You block the orc's attack. x2; The adder closely misses you.
The orc barely misses you.
The orc hits you from afar with a trident.
You hit the orc but do no damage.
The orc is almost dead.
You constrict the orc, but do no damage.
You block the orc's attack. x2; The adder bites you.
You block the orc's The orc barely misses you.
You hit the orc.
You kill the orc!
You block the adder's attack. The orc hits you with a morningstar!
You block the orc's attack. The adder bites you but does no damage.
You block the orc's attack. The orc hits you with a morningstar!
* * * LOW HITPOINT WARNING * * *
The orc hits you with a dagger.
You die...

#. .. .# .#
.# .#
#####.##..##
#...@......#
#(..So?....#
#..........#
#.)........#
#..........#
############


You could see an adder and 3 orcs.

Vanquished Creatures
  4 adders
  A worm (D:2)
  A dart slug (D:1)
  An orc (D:4)
  6 bats
  A giant cockroach (D:1)
  5 hobgoblins
  A ball python skeleton (D:3)
  10 frilled lizards
  4 goblins
  7 kobolds
  5 rats
46 creatures vanquished.

Notes
Turn   | Place    | Note
-------+----------+-------------------------------------------
     0 | D:1      | Tr0llz0r the Octopode Ice Elementalist began the quest for
                  | the Orb.
     0 | D:1      | Reached XP level 1. HP: 11/11 MP: 3/3
   389 | D:1      | Reached XP level 2. HP: 13/17 MP: 5/5
  1007 | D:1      | You fall through a shaft!
  1040 | D:2      | Reached skill level 1 in Maces & Flails
  1040 | D:2      | Reached XP level 3. HP: 12/21 MP: 6/6
  1227 | D:2      | Found a radiant altar of Vehumet.
  2077 | D:3      | Reached XP level 4. HP: 10/27 MP: 7/7
  2182 | D:3      | Found an opulent altar of Gozag.
  2640 | D:4      | HP: 1/27 [orc/morningstar (12)]
  2640 | D:4      | Slain by an orc

Skill      XL: |  1  2 |
---------------+-------+-----
Maces & Flails | 1 |  1.9
Stealth        | 3 |  3.8
Fighting       | |  0.3
Dodging        | |  2.3
Spellcasting   | |  2.2
Conjurations   | |  1.0
Ice Magic      | |  3.5

Action                   |  1- 3 |  4- 6 || total
-------------------------+-------+-------++-------
Melee: Whip              |    73 |    40 ||   113
       Constrict         |    20 |    11 ||    31
       Tentacles         |     8 |     5 ||    13
       Unarmed           |     3 |       ||     3
  Use: Scroll            |     4 |     1 ||     5
       Potion            |     2 |     2 ||     4
 Stab: Sleeping          |     6 |     3 ||     9
  Eat: Ration            |     1 |     1 ||     2
Armor: Skin              |     7 |    14 ||    21
Dodge: Dodged            |    53 |    31 ||    84
Block: Large shield      |       |    19 ||    19
